Map: Ice and Chrome LE

Players

Dima - Winner!

  • Race: Protoss Protoss
  • League: Platinum
  • Spawn Location: 1:00

prospeKt

  • Race: Zerg Zerg
  • League: Platinum
  • Spawn Location: 7:00

VOD

Have the link to the VOD?

Description

Time

  • Played on: June 10, 2020, 6:08 p.m.
  • Length: 15:47
Show
View Real Time Build Order
Export as new Build Order

Dima Protoss - Winner!

Build Orders: 1 Gate Expand, Double Forge, Zealot Archon 

Get SALT Encoding   

  1  0:00  Probe  
  12  0:06  Probe  
  14  0:16  Probe  
  15  0:26  Pylon  
  15  0:32  Assimilator  
  15  0:44  Probe  
  16  0:50  Gateway  
  16  1:25  Nexus  
  16  2:01  Cybernetics Core  
  16  2:03  Gateway  
  16  2:07  Pylon  
  16  2:09  Probe  
  17  2:17  Probe  
  18  2:26  Probe  
  19  2:38  Stalker, Probe x2  
  23  2:46  Probe  
  23  2:48  Assimilator  
  23  2:51  Pylon, Probe  
  25  2:56  Probe  
  25  2:57  Warp Gate  
  26  3:03  Probe  
  27  3:08  Probe  
  28  3:13  Stalker  
  28  3:15  Probe  
  31  3:20  Probe  
  32  3:32  Probe  
  33  3:39  Probe  
  33  3:44  Probe  
  33  3:47  Probe  
  35  3:52  Twilight Council  
  36  3:56  Probe  
  36  3:57  Probe  
  38  4:08  Assimilator, Probe  
  38  4:09  Assimilator, Probe  
  40  4:12  Pylon  
  40  4:20  Probe  
  40  4:21  Probe  
  42  4:25  Forge x2  
  42  4:27  Gateway  
  42  4:29  Gateway, Charge  
  42  4:32  Pylon, Probe  
  42  4:33  Probe  
  44  4:44  Gateway  
  44  4:45  Probe x2  
  46  4:48  Pylon  
  46  4:51  Pylon  
  46  4:54  Pylon  
  46  4:57  Probe x2  
  48  5:01  Protoss Ground Weapons Level 1  
  48  5:02  Protoss Ground Armor Level 1  
  48  5:07  Zealot x2  
  48  5:09  Probe x2  
  54  5:31  Probe  
  54  5:33  Probe  
  55  5:41  Probe  
  56  5:43  Nexus, Probe  
  56  5:46  Pylon  
  56  5:48  Pylon  
  56  5:49  Zealot x2  
  62  5:50  Zealot x2  
  62  5:51  Probe  
  62  5:55  Probe  
  68  5:58  Templar Archives  
  68  6:03  Probe  
  69  6:15  Probe  
  69  6:17  Gateway  
  69  6:18  Gateway  
  70  6:20  Gateway  
  70  6:22  Probe  
  70  6:23  Probe  
  71  6:32  Probe  
  72  6:34  Probe  
  72  6:35  Robotics Facility  
  74  6:40  Zealot x3  
  74  6:41  Zealot, Probe  
  74  6:47  Probe  
  84  6:49  High Templar  
  84  6:54  Probe  
  87  6:59  Probe  
  87  7:00  High Templar  
  87  7:01  High Templar x3  
  92  7:04  Protoss Ground Weapons Level 2  
  96  7:11  High Templar, Probe  
  96  7:13  High Templar  
  96  7:14  High Templar  
  103  7:17  Archon x3  
  103  7:18  Archon  
  103  7:19  Protoss Ground Armor Level 2  
  103  7:24  Assimilator  
  103  7:26  Probe  
  104  7:30  Assimilator  
  104  7:38  Probe  
  104  7:41  Zealot x4  
  104  7:42  Zealot  
  115  7:50  Observer, Probe  
  117  7:52  Zealot  
  117  7:53  Zealot x2  
  123  8:02  Probe  
  124  8:14  Probe  
  124  8:17  Pylon  
  124  8:19  Pylon  
  125  8:24  Pylon  
  125  8:25  Pylon  
  125  8:31  Pylon  
  125  8:34  Pylon  
  125  8:37  Zealot  
  125  8:38  Zealot x6  
  125  8:39  Zealot  
  141  8:46  Pylon  
  141  8:49  Pylon  
  141  8:56  Pylon  
  141  8:57  Pylon  
  141  8:58  Gateway  
  141  9:00  Pylon  
  141  9:01  Gateway  
  141  9:02  Pylon  
  141  9:04  Gateway  
  141  9:06  Pylon, Gateway  
  141  9:12  Protoss Ground Weapons Level 3  
  141  9:14  High Templar  
  141  9:15  High Templar x3  
  141  9:16  High Templar x2  
  153  9:18  High Templar x2  
  153  9:21  Archon x2  
  153  9:22  Archon x2  
  157  9:33  Protoss Shields Level 1  
  157  9:42  Nexus  
  157  9:45  Pylon  
  157  9:46  Pylon  
  157  9:48  Pylon  
  157  9:50  Zealot x4  
  157  9:51  Pylon, Zealot x3  
  157  9:52  Zealot x2  
  175  9:55  Zealot  
  175  9:58  Zealot  
  179  10:00  Zealot  
  179  10:04  Immortal  
  185  10:09  Probe  
  186  10:17  Probe  
  187  10:26  High Templar x2, Probe  
  187  10:28  High Templar x2  
  193  10:30  Zealot  
  193  10:31  Zealot  
  193  10:34  Archon  
  193  10:35  Archon  
  188  10:48  Zealot x4  
  188  10:49  Zealot x2  
  152  10:56  Zealot x2  
  138  11:00  Probe  
  139  11:07  Assimilator  
  139  11:08  Probe  
  139  11:13  Assimilator  
  139  11:18  Probe  
  138  11:20  Robotics Facility  
  138  11:23  Robotics Bay  
  123  11:28  Observer  
  123  11:30  Probe  
  119  11:39  Zealot x2  
  123  11:40  Zealot x5  
  123  11:41  Protoss Ground Armor Level 3, Zealot x5  
  123  11:42  Probe  
  133  12:03  High Templar x4  
  133  12:04  High Templar x3  
  133  12:05  High Templar x2  
  133  12:07  High Templar  
  139  12:10  Archon x3  
  139  12:12  Archon  
  139  12:13  Archon  
  139  12:14  Zealot  
  139  12:15  Zealot  
  115  12:31  Extended Thermal Lance  
  107  12:41  Protoss Shields Level 2  
  101  12:47  Colossus  
  101  12:48  Colossus  
  101  12:50  Zealot x6  
  101  12:51  Zealot x5  
  117  12:52  Zealot  
  137  13:16  Nexus  
  137  13:17  Pylon  
  137  13:19  Pylon  
  137  13:22  Assimilator  
  137  13:26  Assimilator  
  137  13:30  Probe  
  138  13:35  High Templar  
  138  13:36  High Templar x3  
  138  13:37  High Templar  
  138  13:38  High Templar  
  138  13:39  Zealot  
  138  13:40  Zealot x5  
  162  13:42  Probe  
  162  13:43  Archon x3  
  162  13:47  Observer  
  164  13:51  Colossus  
  164  13:54  Probe  
  171  14:10  Zealot x3  
  171  14:11  Zealot x3  
  171  14:12  Zealot x4  
  171  14:13  Zealot x2  
  195  14:19  Observer  
  156  15:13  High Templar x3  
  156  15:14  High Templar x6  
  148  15:15  High Templar x2  
  148  15:16  Zealot  
  148  15:18  Archon x5  
Show
View Real Time Build Order
Export as new Build Order

prospeKt Zerg 

Build Orders: Hatch First, Lurkers, Roach Hydra 

Get SALT Encoding   

  12  0:00  Drone  
  13  0:12  Overlord  
  13  0:19  Drone  
  14  0:35  Drone x3  
  17  0:55  Hatchery  
  17  0:56  Drone  
  17  1:02  Drone  
  18  1:14  Spawning Pool  
  18  1:16  Drone  
  18  1:20  Spawning Pool  
  18  1:23  Drone  
  19  1:29  Drone  
  20  1:36  Extractor  
  20  1:39  Drone  
  20  1:52  Drone  
  21  2:04  Drone  
  21  2:07  Queen x2  
  21  2:08  Overlord  
  26  2:13  Drone  
  27  2:21  Drone  
  28  2:26  Drone  
  29  2:30  Overlord  
  29  2:35  Drone  
  30  2:39  Drone  
  30  2:43  Queen  
  33  2:46  Drone  
  33  2:49  Lair  
  33  2:50  Drone  
  35  2:58  Overlord  
  35  3:01  Drone  
  36  3:05  Drone  
  36  3:10  Roach Warren  
  36  3:14  Drone  
  36  3:15  Evolution Chamber  
  36  3:18  Drone x3  
  36  3:19  Drone, Extractor  
  39  3:21  Extractor  
  39  3:24  Overlord  
  38  3:27  Drone  
  38  3:28  Drone  
  38  3:33  Drone x2  
  42  3:39  Drone x2  
  44  3:49  Drone x2  
  46  3:58  Drone x3  
  49  4:06  Overlord x2  
  49  4:10  Drone x2  
  49  4:11  Drone  
  49  4:13  Hatchery  
  49  4:15  Zergling x2  
  52  4:20  Glial Reconstitution  
  52  4:21  Zerg Missile Weapons Level 1  
  52  4:23  Overlord  
  52  4:27  Roach x2  
  56  4:34  Roach x3  
  62  4:40  Roach x2  
  66  4:46  Roach x3  
  66  4:51  Queen  
  74  4:56  Roach  
  76  5:00  Overlord x2  
  76  5:08  Hydralisk Den  
  76  5:11  Extractor  
  76  5:12  Drone x2  
  76  5:27  Drone x3, Roach  
  76  5:28  Drone x3  
  84  5:36  Drone x2  
  84  5:38  Grooved Spines  
  84  5:39  Extractor  
  84  5:42  Extractor  
  84  5:43  Evolution Chamber  
  84  5:44  Drone x2  
  84  5:46  Drone  
  86  6:03  Drone x5  
  90  6:14  Zerg Ground Armor Level 1  
  90  6:15  Drone  
  90  6:16  Drone x6  
  97  6:26  Overlord x4  
  97  6:38  Hatchery  
  96  6:41  Spore Crawler  
  96  6:44  Spine Crawler  
  94  6:50  Muscular Augments, Spore Crawler  
  94  6:51  Zerg Missile Weapons Level 2  
  94  6:52  Spine Crawler  
  92  6:55  Spine Crawler, Drone x9  
  92  6:56  Drone x4  
  92  6:57  Infestation Pit  
  103  7:19  Drone x10  
  113  7:31  Spine Crawler  
  113  7:33  Hydralisk x5  
  113  7:35  Overlord x4  
  122  7:40  Spine Crawler  
  122  7:42  Spore Crawler  
  122  7:43  Spine Crawler, Hydralisk  
  122  7:44  Hydralisk  
  121  7:47  Hydralisk  
  125  8:06  Hydralisk x2  
  125  8:07  Hydralisk x7  
  125  8:09  Extractor  
  125  8:10  Drone  
  125  8:12  Extractor  
  142  8:30  Hydralisk  
  142  8:31  Hydralisk x9  
  142  8:33  Overlord x2  
  162  8:44  Drone x5  
  167  8:53  Hydralisk x5  
  177  8:55  Zerg Ground Armor Level 2  
  177  9:06  Hive  
  177  9:10  Lurker Den  
  177  9:12  Drone x4  
  180  9:22  Overseer x2  
  180  9:23  Hatchery  
  179  9:26  Overlord x3  
  179  9:27  Hydralisk x2  
  183  9:43  Drone  
  184  9:47  Hydralisk x7  
  184  9:48  Hydralisk  
  200  10:24  Zerg Missile Weapons Level 3  
  200  10:31  Adaptive Talons  
  200  10:33  Hatchery  
  199  10:38  Hatchery  
  190  10:45  Hydralisk x8  
  190  10:46  Hydralisk x4  
  190  10:47  Hydralisk x15  
  180  10:53  Drone x2  
  180  10:55  Hydralisk x3  
  144  11:20  Hydralisk  
  144  11:21  Hydralisk x12  
  132  11:28  Seismic Spines, Hydralisk x4  
  126  11:36  Hydralisk x4  
  126  11:37  Hydralisk  
  128  11:40  Overlord  
  128  11:41  Hydralisk  
  114  11:53  Hydralisk  
  114  11:54  Hydralisk x5  
  112  12:02  Hydralisk x4  
  102  12:13  Hydralisk x3  
  102  12:14  Hydralisk  
  102  12:23  Hydralisk x4  
  100  12:32  Drone x5  
  100  12:33  Drone  
  97  12:40  Drone  
  97  12:41  Drone x5  
  101  12:45  Lurker x3  
  101  12:51  Overseer  
  104  12:56  Drone x4  
  104  12:57  Drone x3  
  111  13:23  Hydralisk  
  111  13:24  Hydralisk x7  
  127  13:33  Lurker  
  128  13:39  Drone  
  128  13:40  Drone x7  
  136  13:43  Lurker  
  137  14:02  Lurker x3  
  140  14:04  Zergling x10  
  140  14:05  Zergling x6  
  140  14:08  Metabolic Boost  
  148  14:12  Extractor  
  148  14:14  Extractor  
  146  14:18  Drone x3  
  146  14:19  Drone  
  146  14:21  Hatchery  
  149  14:27  Spine Crawler x2  
  149  14:30  Spine Crawler x2  
  145  14:31  Spine Crawler  
  145  14:33  Spine Crawler, Hatchery  
  145  14:35  Spine Crawler x2, Hydralisk  
  145  14:36  Spine Crawler, Hydralisk x5  
  145  14:38  Spine Crawler x2  
  150  14:42  Lurker x2  
  135  14:53  Zergling x2  
  135  14:54  Zergling x16  
  94  15:10  Zergling x6  
  64  15:24  Zergling x2  
  64  15:25  Zergling x8  
Tags
 
Add a new tag
Caveats
  • Supply blocks, unpowered buildings, or Contaminate may cause inaccurate times.
  • Supply counts are checked every 10 seconds.